 Dungeon Crawl Stone Soup version 0.31-a0-851-g7ff8af7976 (webtiles) character file.

Game seed: 14643428672405152471

6608 pokeman the Thaumaturge (level 10, -27/56 HPs)
             Began as a Deep Elf Hedge Wizard on Oct 7, 2023.
             Was a Believer of Vehumet.
             Annihilated by a death knight
             ... wielding a +0 glaive
              (30 damage)
             ... on level 10 of the Dungeon.
             The game lasted 00:23:38 (11621 turns).

pokeman the Thaumaturge (Deep Elf Hedge Wizard)    Turns: 11621, Time: 00:23:38

Health: -27/56     AC:  6    Str:  7    XL:     10   Next: 71%
Magic:  12/30      EV: 18    Int: 24    God:    Vehumet [**....]
Gold:   563        SH:  0    Dex: 14    Spells: 26/38 levels left

rFire   . . .        E - +6 dagger "Demonslayer" {freeze, Drain +Blink rPois rN+++}
rCold   . . .        (no shield)
rNeg    + + +        K - +0 robe {Will+}
rPois   +            c - +0 hat
rElec   .            m - +0 cloak
rCorr   .            M - +2 pair of gloves
SInv    .            (no boots)
Will    ++...        (no amulet)
Stlth   ++           b - +5 ring of evasion
HPRegen 0.29/turn    (no ring)
MPRegen 0.22/turn

%: no passive effects
@: very slightly contaminated, studying Unarmed Combat
A: no striking features
a: Renounce Religion, Evoke Blink


You were on level 10 of the Dungeon.
You worshipped Vehumet.
Vehumet was pleased with you.
You visited 2 branches of the dungeon, and saw 11 of its levels.
You also visited: Sewer.

You collected 563 gold pieces.

Inventory:

Hand Weapons
 l - a +2 quarterstaff of chaos
 B - a +2 great sword of electrocution
 E - the +6 dagger "Demonslayer" (weapon) {freeze, Drain +Blink rPois rN+++}
   (You found it on level 7 of the Dungeon)

   rPois:     It protects you from poison rN+++: It renders you almost immune to
   negative energy.
   +Blink:    It lets you blink.
   Drain:     It drains your maximum health when unequipped.
 L - a +1 trident of venom
Missiles
 q - 6 curare-tipped darts
Armour
 c - a +0 hat (worn)
 m - a +0 cloak (worn)
 J - a +0 buckler
 K - a +0 robe of willpower (worn)
 M - a +2 pair of gloves (worn)
Magical Staves
 r - a staff of conjuration
Jewellery
 b - a +5 ring of evasion (left hand)
 z - an amulet of faith
Wands
 G - a wand of digging (3)
Scrolls
 a - a scroll of noise {unknown}
 e - 6 scrolls of identify {unknown}
 h - a scroll of acquirement {unknown}
 i - 3 scrolls of revelation {unknown}
 j - a scroll of amnesia {unknown}
 s - a scroll of enchant weapon {unknown}
 t - a scroll of butterflies {unknown}
 w - a scroll of torment {unknown}
 x - 3 scrolls of poison {unknown}
 y - a scroll of teleportation {unknown}
 A - a scroll of fear {unknown}
 C - a scroll of immolation {unknown}
 F - a scroll of brand weapon {unknown}
 H - a scroll of enchant armour {unknown}
Potions
 d - 2 potions of magic
 f - 2 potions of degeneration {unknown}
 g - 3 potions of resistance {unknown}
 k - 2 potions of attraction {unknown}
 n - 2 potions of might {unknown}
 o - 2 potions of heal wounds {unknown}
 p - 4 potions of invisibility {unknown}
 u - a potion of mutation {unknown}
 v - 3 potions of curing {unknown}
 D - 2 potions of enlightenment {unknown}
 I - 2 potions of lignification {unknown}


   Skills:
 - Level 4.0 Fighting
 - Level 4.3 Armour
 - Level 3.0 Dodging
 - Level 3.0 Stealth
 + Level 1.5 Shields
 * Level 14.9 Spellcasting
 + Level 8.7 Conjurations
 - Level 1.1 Summonings
 - Level 1.1 Translocations
 + Level 3.4 Fire Magic
 - Level 1.0 Air Magic
 - Level 1.0 Poison Magic
 - Level 1.0 Evocations


You had 26 spell levels left.
You knew the following spells:

 Your Spells              Type           Power      Damage    Failure   Level
a - Magic Dart            Conj           100%       1d8       1%          1
b - Mephitic Cloud        Conj/Pois/Air  35%        N/A       2%          3
c - Call Imp              Summ           46%        N/A       3%          2
d - Blink                 Tloc           46%        N/A       3%          2
e - Flame Wave            Conj/Fire      47%        2d12      2%          4

Your spell library contained the following spells:

 Spells                   Type           Power      Damage    Failure   Level
 Poisonous Vapours        Pois/Air       44%        N/A       3%          2
 Sticky Flame             Conj/Fire      47%        2d6       2%          4
 Slow                     Hex            68%        N/A       3%          1
 Cigotuvi's Dreadful Rot  Necr/Pois/Air  42%        N/A       3%          2
 Inner Flame              Hex/Fire       26%        N/A       4%          3
 Manifold Assault         Tloc           23%        N/A       21%         4
 Dispersal                Tloc           11%        N/A       97%         6
 Disjunction              Tloc           11%        N/A       100%        8


Dungeon Overview and Level Annotations

Branches:
Dungeon (10/15)            Temple (1/1) D:5            Lair (0/5) D:8
  Sewer (visited)
    Orc: D:9-12

Altars:
Ashenzari
Cheibriados
Dithmenos
Elyvilon
Fedhas
Gozag
Hepliaklqana
Kikubaaqudgha
Makhleb
Nemelex Xobeh
Okawaru
Qazlal
Ru
Sif Muna
Trog
Uskayaw
Vehumet
Wu Jian
Xom
Yredelemnul
Zin
The Shining One

Shops:
D:7 =


Message History

Press: ? - help, Shift-Dir - straight line, f - yak
Aim: a yak (noxious fumes, almost dead, confused, 100% to hit)
The magic dart hits the yak!
You kill the yak!
Vehumet accepts your kill.
Unknown command.
There is an open door here.
Casting: Magic Dart (safe; 1% risk of failure)
Confirm with . or Enter, or press ? or * to list all spells.
Aiming: Mephitic Cloud (dangerous; 2% risk of failure)
Press: ? - help, Shift-Dir - straight line, f - death knight
Aim: a death knight, wielding a +0 glaive and wearing a +0 chain mail (confused, chance to affect: 53%)
The ball explodes into a vile cloud!
The stinking cloud engulfs the death knight but does no damage.
You hear an angry buzzing noise.
The death knight is engulfed in noxious fumes.
Unknown command.
The death knight is engulfed in noxious fumes.
Casting: Mephitic Cloud (dangerous; 2% risk of failure)
Confirm with . or Enter, or press ? or * to list all spells.
Casting: Flame Wave (dangerous; 2% risk of failure)
Press: ? - help, Dir - look around, f - activate You miscast Flame Wave.
You are very lightly contaminated with residual magic.
Nothing appears to happen.
The death knight seems less confused.
The death knight mumbles some strange prayers to Yredelemnul against you.
You easily resist.
The cyclops is engulfed in noxious fumes.
The cyclops appears confused.
The cyclops barely misses something.
The death knight hits you with a +0 glaive!!
Unknown command.
The cyclops is engulfed in noxious fumes.
The cyclops appears confused.
The death knight hits you from afar with a +0 glaive!!
* * * LOW HITPOINT WARNING * * *
There is an open door, spattered with blood here.
There is a stone staircase leading up here.
The death knight hits you from afar with a +0 glaive!!
Ouch! That really hurt!
You die...

§# +.#####.#####
###c##
........Y..##.#C..#
....#...#..#...#.#.
#..##..##..##.#.#.#
###..##..###.#.#.....
#.....+Y........#.#.#
#.....#....O.#.#.h.†.
+...@.#......##.#.#.#
##p####......#...#.#.
###...##..##..##.#...#
#....p##.>##..#####.##
#.....CO†..'..........
#..#####†..#.....##...
#### #...#....## #..
#..##..### #..#####


You could see a death knight.

Vanquished Creatures
  A deep elf pyromancer (D:10)
  Joseph (D:7)
  Psyche (D:8)
  7 yaks
  2 wyverns
  Grum (D:8)
  A steam dragon (D:7)
  Duvessa (D:5)
  A sky beast (D:7)
  4 orc warriors
  4 black bears
  2 wolves (D:8)
  2 ogres
  3 centaurs
  A kobold brigand (D:9)
  4 bullfrogs
  3 scorpions (D:6)
  2 gnoll sergeants (D:9)
  3 wights (D:6)
  Dowan (D:5)
  4 killer bees (D:8)
  4 howler monkeys
  3 electric eels (D:7)
  2 hounds (D:5)
  A sleepcap (D:8)
  6 orc priests
  A gnoll bouda (D:8)
  Crazy Yiuf (D:2)
  6 iguanas
  A hell rat (Sewer)
  8 orc wizards
  A mummy (D:4)
  13 gnolls
  13 adders
  4 river rats (Sewer)
  A white imp (D:6)
  26 orcs
  7 ball pythons
  2 bats
  7 endoplasms
  11 giant cockroaches
  4 goblins
  7 hobgoblins
  4 jackals (D:1)
  12 kobolds
  6 quokkas
  A frilled lizard (D:3)
  13 rats
214 creatures vanquished.

Vanquished Creatures (collateral kills)
  An orc warrior (D:6)
  A dart slug (D:2)
  An endoplasm (D:2)
3 creatures vanquished.

Vanquished Creatures (others)
  A killer bee (D:8)
1 creature vanquished.

Grand Total: 218 creatures vanquished

Notes
Turn   | Place    | Note
-------+----------+-------------------------------------------
     0 | D:1      | pokeman the Deep Elf Hedge Wizard began the quest for the
                  | Orb.
     0 | D:1      | Reached XP level 1. HP: 10/10 MP: 7/7
   111 | D:1      | Found a faded altar of an unknown god.
   435 | D:1      | Reached XP level 2. HP: 16/16 MP: 6/9
  1531 | D:2      | Reached skill level 5 in Spellcasting
  1531 | D:2      | Reached XP level 3. HP: 20/20 MP: 3/11
  1535 | D:2      | Learned a level 3 spell: Mephitic Cloud
  1538 | D:2      | Learned a level 2 spell: Call Imp
  1541 | D:2      | Learned a level 2 spell: Blink
  1789 | D:2      | Reached skill level 1 in Fighting
  1795 | D:2      | Reached skill level 1 in Armour
  2025 | D:2      | Reached XP level 4. HP: 25/25 MP: 7/13
  2356 | D:2      | Found a runed translucent door.
  2357 | D:2      | Noticed Crazy Yiuf
  2675 | D:2      | Killed Crazy Yiuf
  2894 | D:3      | Reached skill level 6 in Spellcasting
  3011 | D:3      | Reached XP level 5. HP: 29/29 MP: 12/15
  3738 | D:4      | Found a glowing drain.
  3768 | Sewer    | Entered a sewer
  3775 | Sewer    | Reached skill level 1 in Poison Magic
  3837 | Sewer    | Reached skill level 1 in Air Magic
  4186 | D:4      | Found a snail-covered altar of Cheibriados.
  4340 | D:4      | Reached skill level 1 in Evocations
  4340 | D:4      | Reached XP level 6. HP: 14/34 MP: 7/17
  4725 | D:5      | Entered Level 5 of the Dungeon
  4749 | D:5      | Reached skill level 7 in Spellcasting
  4900 | D:5      | Reached XP level 7. HP: 40/40 MP: 14/20
  5007 | D:5      | Found a staircase to the Ecumenical Temple.
  5016 | Temple   | Entered the Ecumenical Temple
  5032 | Temple   | Became a worshipper of Vehumet
  5078 | D:5      | Reached skill level 8 in Spellcasting
  5638 | D:5      | Noticed Duvessa
  5638 | D:5      | Noticed Dowan
  5665 | D:5      | Killed Duvessa
  5738 | D:5      | Killed Dowan
  5970 | D:6      | Reached skill level 9 in Spellcasting
  6129 | D:6      | Reached XP level 8. HP: 31/44 MP: 17/23
  6285 | D:6      | Reached skill level 5 in Conjurations
  6705 | D:6      | Reached skill level 10 in Spellcasting
  7362 | D:7      | Noticed Joseph
  7386 | D:7      | Killed Joseph
  7387 | D:7      | Reached skill level 11 in Spellcasting
  7561 | D:7      | Identified the +6 dagger "Demonslayer" {freeze, Drain
                  | +Blink rPois rN+++}
  7658 | D:7      | Found a glowing silver altar of Zin.
  7732 | D:7      | Reached XP level 9. HP: 17/50 MP: 6/26
  8323 | D:7      | Found a glowing golden altar of the Shining One.
  8428 | D:7      | Found Wohocio's Jewellery Shoppe.
  8448 | D:7      | Reached * piety under Vehumet
  8448 | D:7      | Offered knowledge of Freeze by Vehumet.
  8581 | D:7      | Reached skill level 12 in Spellcasting
  9187 | D:8      | Found a hide-covered altar of Uskayaw.
  9609 | D:8      | Noticed Psyche
  9622 | D:8      | Reached skill level 13 in Spellcasting
  9628 | D:8      | Killed Psyche
  9809 | D:8      | Reached XP level 10. HP: 45/56 MP: 20/29
 10000 | D:8      | Learned a level 4 spell: Flame Wave
 10020 | D:8      | Found a sacrificial altar of Ru.
 10020 | D:8      | Found an ornate altar of the Wu Jian Council.
 10038 | D:8      | Found a staircase to the Lair.
 10047 | D:8      | Noticed Grum
 10058 | D:8      | Killed Grum
 10353 | D:8      | Reached skill level 1 in Fire Magic
 10583 | D:6      | Reached skill level 14 in Spellcasting
 11088 | D:9      | Offered knowledge of Poisonous Vapours by Vehumet.
 11089 | D:9      | Reached ** piety under Vehumet
 11521 | D:10     | Entered Level 10 of the Dungeon
 11580 | D:10     | Noticed a cyclops
 11580 | D:10     | Noticed a deep elf pyromancer
 11604 | D:10     | Noticed a death knight
 11605 | D:10     | Reached skill level 1 in Shields
 11606 | D:10     | Killed a deep elf pyromancer
 11608 | D:10     | Noticed an ogre mage
 11618 | D:10     | HP: 2/56 [death knight/+0 glaive (27)]
 11621 | D:10     | Annihilated by a death knight

Illustrated notes

Levels and vault maps discovered:
D:1:      dpeg_arrival_connections, layout_loops_corners,
          shapermc_ecumenical_altar_pompeii, chequers_serial_rivers_large_b,
          minmay_crystal_water
D:2:      layout_loops_ring, uniq_crazy_yiuf_cottage
D:3:      layout_rooms, minmay_distorted
D:4:      layout_rooms, slow_altar_2, gup_sewer_entry_bubbles
D:5:      layout_loops_ring, minmay_temple_entry_purple_smoke, uniq_duvessa
D:6:      layout_loops_corners
D:7:      statuecave_lemuel, layout_loops_corners, zin_treasury,
          tso_oasis_becter, serial_shops, shop, minmay_manual_mares, uniq_joseph
D:8:      layout_rooms, gammafunk_temple_overflow_statue,
          mainiacjoe_overflow_paths, dpeg_oklobed_lair, serial_curves,
          eino_curves_01, eino_curves_02, eino_curves_03,
          david_defended_altar_orc, uniq_grum, uniq_psyche
D:9:      layout_roguey
D:10:     minmay_the_grid_plus [minmay_the_grid_medium_cups,
          minmay_the_grid_rooms, minmay_the_grid_diamond_grid,
          minmay_the_grid_stretched_grid,
          minmay_the_grid_prize_four_corners_diamond_a], layout_gridville,
          minmay_holes, uniq_fannar, uniq_erica
Temple:   eino_temple_rhombus

Skill      XL: |  1  2  3  4  5  6  7  8  9 10 |
---------------+-------------------------------+-----
Spellcasting   | 5 6 7 9 11 13 14 | 14.9
Fighting       | 1 2 3 4 |  4.0
Armour         | 1 2 3 4 |  4.3
Conjurations   | 2 3 4 6 7 8 |  8.7
Stealth        | 3 |  3.0
Dodging        | 3 |  3.0
Poison Magic   | 1 |  1.0
Air Magic      | 1 |  1.0
Evocations     | 1 |  1.0
Fire Magic     | 3 |  3.4
Shields        | 1 |  1.5
Summonings     | |  1.1
Translocations | |  1.1

Action                     |  1- 3 |  4- 6 |  7- 9 | 10-12 || total
---------------------------+-------+-------+-------+-------++-------
  Melee: Dagger            |    11 |     3 |    70 |    38 ||   122
         Quarterstaff      |       |    57 |    52 |       ||   109
         Great sword       |       |       |    20 |       ||    20
         Punch             |       |       |     2 |       ||     2
   Cast: Magic Dart        |    89 |   155 |   152 |    12 ||   408
         Call Imp          |     1 |     2 |     8 |       ||    11
         Mephitic Cloud    |       |     7 |    48 |    17 ||    72
         Blink             |       |       |     4 |       ||     4
         Flame Wave        |       |       |       |    16 ||    16
Ability: Evoke Blink       |       |       |     1 |       ||     1
  Evoke: Wand              |       |       |     1 |       ||     1
   Stab: Confused          |       |     1 |    16 |     5 ||    22
 Armour: Robe              |    13 |    40 |   107 |    38 ||   198
  Dodge: Dodged            |    28 |    62 |    93 |    40 ||   223

Table legend: (Time is in decaauts)
 A = Elapsed time spent in this place.
 B = Non-inter-level travel time spent in this place.
 C = Inter-level travel time spent in this place.
 D = Time resting spent in this place.
 E = Time spent auto-exploring this place.
 F = Levels seen in this place.
 G = Mean time per level.
                   A        B        C        D        E       F      G
               +--------+--------+--------+--------+--------+-----+--------+
         Total |  11765 |  11348 |    417 |    582 |   9046 |  12 |  980.4 |
       Dungeon |  11430 |  11043 |    387 |    582 |   8803 |  10 | 1143.0 |
        Temple |     32 |      2 |     30 |      0 |      0 |   1 |   32.0 |
         Sewer |    302 |    302 |      0 |      0 |    243 |   1 |  302.0 |
               +--------+--------+--------+--------+--------+-----+--------+

Top non-repeatable levels by time:
     D:7: 1933 daAuts
     D:6: 1614 daAuts
     D:1: 1550 daAuts
     D:8: 1356 daAuts
     D:2: 1287 daAuts
     D:5: 1072 daAuts
     D:4: 921 daAuts
     D:9: 822 daAuts
     D:3: 772 daAuts
   Sewer: 302 daAuts
    D:10: 99 daAuts
  Temple: 32 daAuts
